 Dungeon Crawl Stone Soup version 0.23-a0-756-g517b432 (console) character file.

35 Duffy the Skirmisher (level 3, -6/34 HPs)
             Began as a Naga Fighter on Jan 18, 2019.
             Mangled by an ogre
             ... wielding a +0 giant spiked club
              (7 damage)
             ... on level 4 of the Dungeon.
             The game lasted 00:00:46 (516 turns).

Duffy the Skirmisher (Naga Fighter)                  Turns: 516, Time: 00:00:47

Health: -6/34      AC:  6    Str: 18    XL:     3   Next: 35%
Magic:  3/3        EV:  5    Int:  9    God:
Gold:   45         SH:  8    Dex: 10    Spells: 2/2 levels left

rFire    . . .     SeeInvis +   a - +0 war axe
rCold    . . .     Gourm    .   c - +0 shield
rNeg     . . .     Faith    .   b - +0 scale mail
rPois    +         Spirit   .   (no helmet)
rElec    .         Reflect  .   (no cloak)
rCorr    .         Harm     .   (no gloves)
MR       .....                  (no barding)
Stlth    ..........             (no amulet)
HPRegen  0.11/turn              i - +2 ring of protection
MPRegen  0.08/turn              k - ring of attention (curse)

@: very slow
A: large, see invisible, deformed body, poison resistance, slowness 2, slow
metabolism 1, spit poison 1, AC +1
a: Spit Poison


You were on level 4 of the Dungeon.
You were not hungry.

You visited 1 branch of the dungeon, and saw 4 of its levels.

You collected 45 gold pieces.

Inventory:

Hand Weapons
 a - a +0 war axe (weapon)
Armour
 b - a +0 scale mail (worn)
 c - a +0 shield (worn)
 e - a +0 chain mail
Jewellery
 i - a +2 ring of protection (left hand)
 k - a cursed ring of attention (right hand)
Scrolls
 g - a scroll of magic mapping {unknown}
Potions
 d - a potion of might
 j - a potion of haste {unknown}
Comestibles
 f - 2 rations
 h - a chunk of flesh


   Skills:
 - Level 3.0 Fighting
 + Level 2.9 Axes
 - Level 2.4 Armour
 + Level 3.0 Shields


You had 2 spell levels left.
You didn't know any spells.
Your spell library was empty.

Dungeon Overview and Level Annotations

Branches:
Dungeon (4/15)
 Temple: D:4-7

Altars:
Gozag
Qazlal


Innate Abilities, Weirdness & Mutations

You cannot wear boots.
Your serpentine skin is tough. (AC +1)
You have supernaturally acute eyesight. (SInv)
Armour fits poorly on your strangely shaped body.
Your system is resistant to poisons. (rPois)
You cover ground very slowly.
You have a slow metabolism.
You can spit poison.


Message History

Your shield prevents you from hitting the ogre.
The ogre barely misses you.
You hit the ogre.
The ogre is lightly wounded.
The ogre hits you with a +0 giant spiked club.
You slash the ogre!
The ogre is heavily wounded.
The ogre hits you with a +0 giant spiked club!
Your shield and scale mail prevent you from hitting the ogre.
The ogre is heavily wounded.
A hound comes into view.
The ogre completely misses you.
The hound barks!
You hit the ogre but do no damage.
The ogre is heavily wounded.
The ogre barely misses you.
You slash the ogre!
The ogre is almost dead.
The ogre hits you with a +0 giant spiked club!
You die...

## .#
########.#
#.<......#
###....#..#
..........#
#.......<.# .
#.........#....
#......@..h....
#......O####...
.#+##...# ...
.....# #.
.#.#### .. #+ .


You could see an ogre and a hound.

Vanquished Creatures
  2 adders (D:3)
  A worm (D:3)
  A ball python (D:3)
  2 giant cockroaches
  A goblin (D:3)
  2 hobgoblins
  A quokka (D:3)
  A bat (D:1)
  2 frilled lizards
  3 rats
16 creatures vanquished.

Notes
Turn   | Place    | Note
-------+----------+-------------------------------------------
     0 | D:1      | Duffy the Naga Fighter began the quest for the Orb.
     0 | D:1      | Reached XP level 1. HP: 21/21 MP: 1/1
   234 | D:3      | Reached XP level 2. HP: 28/28 MP: 2/2
   243 | D:3      | Found an opulent altar of Gozag.
   397 | D:3      | Reached XP level 3. HP: 26/34 MP: 3/3
   479 | D:3      | Found a stormy altar of Qazlal.
   505 | D:4      | Noticed an ogre
   513 | D:4      | HP: 1/34 [ogre/+0 giant spiked club (11)]
   516 | D:4      | Mangled by an ogre

Vault maps used:
D:1:      scummos_arrival_simple_crosswalls
D:2:      vehumet_crystals, serial_bayou, serial_bayou_lagoon_a,
          serial_bayou_pond_d, serial_bayou_pond_c, serial_bayou_lake_a,
          first_ration, uniq_robin
D:3:      nicolae_gozag_cash_rules_everything_around_me, lemuel_round_altar,
          nicolae_overflow_hidden_temple, serial_bayou_pond_c
D:4:      corexii_shantytown, grunt_qazlal_clouds

Skill      XL: |  1  2  3 |
---------------+----------+-----
Shields        | 3 |  3.0
Fighting       | |  3.0
Axes           | |  2.9
Armour         | |  2.4

Action                   || total
-------------------------++-------
Melee: War axe           ||    56
Armor: Scale mail        ||    22
Dodge: Dodged            ||    11
Block: Shield            ||    27

Table legend:
 A = Non-vault XP
 B = Vault XP
 C = Vault XP percentage of total XP
 D = Non-vault monster count
 E = Vault monster count
 F = Vault count percentage of total count
                 A         B        C        D         E       F
            +---------+---------+-------+---------+---------+-------
      Total |      51 |       0 |   0.0 |      16 |       0 |   0.0
            +---------+---------+-------+---------+---------+-------
        D:1 |       5 |       0 |   0.0 |       4 |       0 |   0.0
        D:2 |       3 |       0 |   0.0 |       2 |       0 |   0.0
        D:3 |      43 |       0 |   0.0 |      10 |       0 |   0.0
            +---------+---------+-------+---------+---------+-------
